 Dungeon Crawl Stone Soup version 0.17-a0-1914-gde4187c (webtiles) character file.

271 tp1 the Skirmisher (level 6, -3/39 HPs)
             Began as a Gargoyle Berserker on Sept 26, 2015.
             Was a Believer of Trog.
             Slain by a gnoll
             ... wielding a +0 spear
              (6 damage)
             ... on level 3 of the Dungeon.
             The game lasted 00:10:17 (2355 turns).

tp1 the Skirmisher (Gargoyle Berserker)             Turns: 2355, Time: 00:10:17

Health: -3/39      AC:  7    Str: 23    XL:     6   Next: 23%
Magic:  6/6        EV: 12    Int:  7    God:    Trog [**....]
Gold:   84         SH:  0    Dex:  9    Spells: 0 memorised, 5 levels left

rFire  . . .     SeeInvis .     a - +0 hand axe
rCold  . . .     Clarity  .     m - +0 leather armour
rNeg   + . .     SustAt   .     (no shield)
rPois  ∞         Gourm    .     (no helmet)
rElec  +         Spirit   .     (no cloak)
rCorr  .         Warding  .     (no gloves)
rMut   .         Stasis   .     (no boots)
MR     ++...                    (no amulet)
Stlth  +.........               (no ring)
                                (no ring)

@: regenerating, very resistant to hostile enchantments, very unstealthy
A: negative energy resistance 1, electricity resistance, unbreathing,
petrification resistance, rot immunity, AC +4
a: Burn Spellbooks, Berserk, Trog's Hand, Renounce Religion


You were on level 3 of the Dungeon.
You worshipped Trog.
Trog was pleased with you.
You were not hungry.

You visited 1 branch of the dungeon, and saw 3 of its levels.

You collected 84 gold pieces.

Inventory:

Hand weapons
 a - a +0 hand axe (weapon)
Armour
 b - a +0 animal skin
 m - a +0 leather armour (worn)
Magical devices
 d - a wand of enslavement (6)
 o - a wand of random effects (19)
Scrolls
 e - 4 scrolls of identify {unknown}
 g - a scroll of enchant weapon {unknown}
 i - 3 scrolls of remove curse {unknown}
 j - 2 scrolls of teleportation {unknown}
 k - a scroll of fog {unknown}
 l - a scroll of noise {unknown}
 n - a scroll of enchant armour {unknown}
 r - a scroll of recharging {unknown}
Potions
 h - a potion of resistance {unknown}
 p - 2 potions of invisibility {unknown}
Comestibles
 c - 2 bread rations
 f - 4 fruits
 q - 5 chunks of flesh


   Skills:
 + Level 4.7 Fighting
 + Level 4.2 Axes
 + Level 2.6 Armour
 + Level 3.0 Dodging
 + Level 1.2 Stealth


You had 5 spell levels left.
You didn't know any spells.

Dungeon Overview and Level Annotations

Branches:
Dungeon (3/15)

Altars:


Innate Abilities, Weirdness & Mutations

You are resistant to torment.
Your stone body is resilient (AC +4).
You are immune to poison.
You resist negative energy.
You are resistant to electric shocks.
You can survive without breathing.
You are immune to petrification.
You are immune to rotting.


Message History

The gnoll hits you with a flail. The gnoll hits you but does no damage.
You barely miss the gnoll. The gnoll closely misses you. The gnoll misses you.
The gnoll barely misses you.
You barely miss the gnoll.
The gnoll hits you from afar with a spear.
* * * LOW HITPOINT WARNING * * *
The gnoll misses you. The gnoll closely misses you.
You hit the gnoll.
The gnoll is moderately wounded.
The gnoll hits you from afar with a spear.
* * * LOW HITPOINT WARNING * * *
The gnoll barely misses you. The gnoll hits you with a flail.
* * * LOW HITPOINT WARNING * * *
There isn't anything here!
Use which ability?
Your skin crawls.
You feel resistant to hostile enchantments.
You feel slightly more hungry. The gnoll barely misses you.
The gnoll hits you from afar with a spear.
You die... #... . ...... ..... ..... ##......#.... #......#.... %.....(g.. #... gsg

###...##g#
.......#@#
#.......#
#.###...#
##.## ##.
#.##.....
#<..#
#.#.#
#...#
#####


You could see 3 gnolls, a giant cockroach and a goblin.

Vanquished Creatures
  Sigmund (D:2)
  Natasha (thrice) (D:2)
  2 gnolls
  An adder (D:2)
  2 oozes (D:2)
  A worm (D:2)
  3 giant geckos (D:1)
  2 ball pythons (D:2)
  2 giant cockroaches (D:2)
  4 goblins
  5 hobgoblins
  2 jackals (D:2)
  5 bats
  5 giant newts
  5 kobolds
  2 rats (D:1)
45 creatures vanquished.

Notes
Turn   | Place    | Note
--------------------------------------------------------------
     0 | D:1      | tp1 the Gargoyle Berserker began the quest for the Orb.
     0 | D:1      | Reached XP level 1. HP: 14/14 MP: 1/1
   698 | D:1      | Reached XP level 2. HP: 9/19 MP: 2/2
  1008 | D:1      | Reached XP level 3. HP: 16/24 MP: 3/3
  1410 | D:2      | Acquired Trog's second power
  1754 | D:2      | Noticed Sigmund
  1766 | D:2      | Killed Sigmund
  1766 | D:2      | Reached skill level 4 in Fighting
  1766 | D:2      | Reached skill level 1 in Stealth
  1766 | D:2      | Reached XP level 4. HP: 30/30 MP: 4/4
  1766 | D:2      | Reached XP level 5. HP: 34/34 MP: 5/5
  2018 | D:2      | Noticed Natasha
  2029 | D:2      | Killed Natasha
  2029 | D:2      | Reached XP level 6. HP: 32/39 MP: 6/6
  2208 | D:2      | Noticed Natasha
  2214 | D:2      | Killed Natasha
  2307 | D:2      | Noticed Natasha
  2310 | D:2      | Killed Natasha
  2355 | D:3      | Slain by a gnoll

Vault maps used:
D:1:      lemuel_arrival_broad_hall
D:2:      uniq_sigmund, uniq_natasha
D:3:      grunt_temple_overflow_open, nicolae_overflow_hidden_temple,
          first_bread, ecumenical_altar_1

Action                   |  1- 3 |  4- 6 || total
-------------------------+-------+-------++-------
Melee: Hand axe          |    89 |    52 ||   141
Invok: Berserk           |     5 |       ||     5
       Trog's Hand       |     1 |     1 ||     2
 Stab: Sleeping          |       |     1 ||     1
  Eat: Chunk             |     7 |     3 ||    10
